 Dungeon Crawl Stone Soup version 0.14-a0-852-g0ba292f (webtiles) character file.

111 4tharraofdagon the Covered (level 3, 14/29 HPs)
             Began as a Djinni Fighter on Nov 15, 2013.
             Quit the game on Level 4 of the Dungeon.
             The game lasted 00:02:29 (543 turns).

4tharraofdagon the Covered (Djinni Fighter)          Turns: 543, Time: 00:02:29

HP  14/29        AC  7     Str 17      XL: 3   Next: 69%
MP   0/0         EV  6     Int  8      God:
Gold 55          SH 18     Dex 12      Spells:  0 memorised,  2 levels left

Res.Fire  : + + +   See Invis. : .   a - +0 hand axe
Res.Cold  : x . .   Warding    : .   b - +0 scale mail
Life Prot.: + + +   Conserve   : .   c - +0 shield
Res.Poison: .       Res.Corr.  : .   (no helmet)
Res.Elec. : .       Clarity    : .   (no cloak)
Sust.Abil.: . .     Spirit.Shd : .   (no gloves)
Res.Mut.  : .       Stasis     : .   (boots unavailable)
Res.Rott. : .       Flight     : +   (no amulet)
Saprovore : . . .                    (no ring)
                                     (no ring)

@: flying, not resistant to hostile enchantments, extremely unstealthy
A: fire immunity, cold vulnerability, life protection 3
a: no special abilities


You were on level 4 of the Dungeon.
You were not hungry.

You visited 1 branch of the dungeon, and saw 5 of its levels.
You also visited: Sewer.

You collected 55 gold pieces.

Inventory:

Hand weapons
 a - a +0,+0 hand axe (weapon)
Armour
 b - a +0 scale mail (worn)
 c - a +0 shield (worn)
Scrolls
 d - a scroll of noise {unknown}
 e - a scroll of identify {unknown}
 f - 3 scrolls of recharging {unknown}
 g - a scroll of enchant weapon II {unknown}
 h - a scroll of random uselessness {unknown}
 i - a scroll of curse armour {unknown}


   Skills:
 + Level 3.0 Fighting
 * Level 3.1 Axes
 + Level 3.7 Armour
 - Level 3.0 Shields


You had 2 spell levels left.
You didn't know any spells.

Dungeon Overview and Level Annotations

Branches:
Dungeon (5/16)
 Temple: D:4-7

Altars:
Nemelex Xobeh


Innate Abilities, Weirdness & Mutations

You are immune to all types of fire, even holy and hellish.
You are vulnerable to cold.
You need no food.
You have no legs.
You are immune to negative energy.


Message History

The quokka completely misses you.
You slash the adder skeleton! The adder skeleton bites you.
The quokka bites you.
You hit the adder skeleton but do no damage.
The adder skeleton bites you. The quokka completely misses you.
The adder skeleton bites you.
You closely miss the adder skeleton.
The quokka bites you but does no damage.
You block the adder skeleton's attack.
The quokka bites you but does no damage.
You completely miss the adder skeleton.
The adder skeleton bites you but does no damage.
The quokka bites you but does no damage.
You block the adder skeleton's attack.
You slash the adder skeleton!
You destroy the adder skeleton!
The quokka barely misses you.
You aren't carrying any potions.
A scorpion comes into view.
Are you sure you want to abandon this character and quit the game? (Confirm with "yes".)

##...#.##.
#.......#. #
......... .
......#.####
#########..#.##.....
#......##..#.##.<...
#......##..#.##%....
#...r.@.............
###@#####..#.##.....
#s# #..#.##..... #.#
#..#@##...>. #.#
#..#.##..... #.#
#..#.###...< #.#
#..#.# #.### #.#
#..#.# #.... #.#
#..#.###.... #.#
#....@...


You could see a slave, a scorpion and a quokka.

Vanquished Creatures
  A green rat (Sewer)
  2 giant mites (D:3)
  An adder skeleton (D:4)
  A grey rat (Sewer)
  4 giant geckos (D:3)
  An orc (D:3)
  3 bats
  3 giant cockroaches
  A hobgoblin (D:1)
  A ball python (Sewer)
  2 giant newts (Sewer)
  A goblin (D:4)
  3 kobolds
  3 rats
27 creatures vanquished.

Notes
Turn   | Place    | Note
--------------------------------------------------------------
     0 | D:1      | 4tharraofdagon, the Djinni Fighter, began the quest for the Orb.
     0 | D:1      | Reached XP level 1. HP: 16/16 MP: 0/0
   191 | D:3      | Reached XP level 2. EP: 17/22
   203 | D:3      | Found a glowing drain.
   219 | D:3      | Reached XP level 3. EP: 11/29
   261 | Sewer    | Entered a sewer
   456 | D:5      | Entered Level 5 of the Dungeon
   456 | D:5      | Noticed a centaur
   464 | D:4      | Found a sparkling altar of Nemelex Xobeh.
   502 | D:4      | Noticed a slave
   543 | D:4      | Quit the game

Action                   || total
-------------------------++-------
Melee: Hand axe          ||    97
  Use: Potion            ||     1
